 Dungeon Crawl Stone Soup version 0.26.0-57-g60708a5e39 (webtiles) character file.

Game seed: 13633926435693662784

77 kaeus the Ruffian (level 4, -6/37 HPs)
             Began as a Draconian Transmuter on Feb 1, 2021.
             Mangled by a bullfrog (8 damage)
             ... on level 2 of the Dungeon.
             The game lasted 00:02:51 (2203 turns).

kaeus the Ruffian (Draconian Transmuter)            Turns: 2203, Time: 00:02:52

Health: -6/37      AC:  5    Str: 13    XL:     4   Next: 13%
Magic:  6/7        EV: 12    Int: 13    God:
Gold:   180        SH:  0    Dex: 12    Spells: 3/7 levels left

rFire    . . .     SeeInvis .     - Unarmed
rCold    . . .     Faith    .   (no shield)
rNeg     . . .     Spirit   .   (armour unavailable)
rPois    .         Reflect  .   (helmet currently unavailable)
rElec    .         Harm     .   (no cloak)
rCorr    .         Rampage  .   (no gloves)
Will     .....                  (boots currently unavailable)
Stlth    +.........             (no amulet)
HPRegen  0.12/turn              (no ring)
MPRegen  0.10/turn              (no ring)

@: appendages (expiring)
A: unfitting armour, horns 2, talons 2, cold-blooded, AC +5
a: End Transformation


You were on level 2 of the Dungeon.
You had grown temporary horns.
You had grown temporary talons.
You visited 1 branch of the dungeon, and saw 2 of its levels.

You collected 180 gold pieces.

Inventory:

Scrolls
 a - a scroll of remove curse {unknown}
 c - 2 scrolls of enchant armour {unknown}
 e - 3 scrolls of magic mapping {unknown}
 h - a scroll of fog {unknown}
Potions
 b - 4 potions of curing {unknown}
 d - a potion of haste {unknown}
 f - a potion of might
 g - a potion of mutation {unknown}
 i - a potion of heal wounds {unknown}
 j - a potion of lignification {unknown}


   Skills:
 - Level 2.4 Fighting
 - Level 1.7 Dodging
 - Level 3.6 Unarmed Combat
 + Level 2.4 Spellcasting
 + Level 2.4 Transmutations
 + Level 1.1 Poison Magic


You had 3 spell levels left.
You knew the following spells:

 Your Spells              Type           Power        Failure   Level
a - Spider Form           Tmut/Pois      3%           34%         3
b - Beastly Appendage     Tmut           14%          9%          1

Your spell library contained the following spells:

 Spells                   Type           Power        Failure   Level
 Wereblood                Tmut           7%           14%         2
 Ice Form                 Ice/Tmut       4%           82%         4
 Blade Hands              Tmut           3%           94%         5


Dungeon Overview and Level Annotations

Branches:
Dungeon (2/15)

Altars:


Innate Abilities, Weirdness & Mutations

Your plain brown scales are hard. (AC +5)
You cannot fit into any form of body armour.
You are cold-blooded and may be slowed by cold attacks.
You have a pair of horns on your head.
You have razor-sharp toenails.


Message History

You barely miss the bullfrog. Your kick misses the bullfrog.
The bullfrog is severely wounded.
The bullfrog closely misses you.
You hit the bullfrog. You claw the bullfrog.
The bullfrog is almost dead.
The bullfrog hits you.
* * * LOW HITPOINT WARNING * * *
You take 4 damage, and have 4/37 hp.
You hit the bullfrog but do no damage. Your kick misses the bullfrog.
Your headbutt misses the bullfrog.
Your tail-slap misses the bullfrog.
The bullfrog is almost dead.
The bullfrog hits you.
* * * LOW HITPOINT WARNING * * *
The bullfrog barely misses you.
You take 2 damage, and have 2/37 hp.
You barely miss the bullfrog.
The bullfrog is almost dead.
Your transformation is almost over.
The bullfrog hits you!
You die...

# # # # ######
######### .....#
##...#...## .....#
##.........##
####.######.......?...#
...............:@F...>#
#####.................#
....##...............##
..............=.#...##
######........?####...
#..>......####.####..#
#.........##....# #..#
#.........##....# #..#
............# #..#


You could see a bullfrog.

Vanquished Creatures
  A gnoll (D:1)
  3 adders (D:2)
  A dart slug (D:2)
  2 leopard geckos (D:1)
  A giant cockroach (D:1)
  6 goblins
  5 hobgoblins
  2 jackals (D:2)
  4 kobolds
  5 bats (D:1)
  2 frilled lizards (D:1)
  4 rats
36 creatures vanquished.

Notes
Turn   | Place    | Note
-------+----------+-------------------------------------------
     0 | D:1      | kaeus the Draconian Transmuter began the quest for the Orb.
     0 | D:1      | Reached XP level 1. HP: 16/16 MP: 3/3
   287 | D:1      | Reached XP level 2. HP: 7/24 MP: 3/5
   830 | D:1      | Reached XP level 3. HP: 30/30 MP: 6/6
   834 | D:1      | Learned a level 3 spell: Spider Form
  1471 | D:2      | Reached skill level 1 in Poison Magic
  1903 | D:2      | Reached XP level 4. HP: 31/37 MP: 5/7
  2190 | D:2      | Noticed a bullfrog
  2203 | D:2      | Mangled by a bullfrog

Illustrated notes

Levels and vault maps discovered:
D:1:      roderic_crossed_star, layout_basic, minivault_11
D:2:      layout_rooms

Skill      XL: |  1  2  3 |
---------------+----------+-----
Fighting       | 2 |  2.4
Poison Magic   | 1 |  1.1
Dodging        | |  1.7
Unarmed Combat | |  3.6
Spellcasting   | |  2.4
Transmutations | |  2.4

Action                   |  1- 3 |  4- 6 || total
-------------------------+-------+-------++-------
Melee: Unarmed           |    87 |    16 ||   103
       Kick              |    14 |     7 ||    21
       Headbutt          |     9 |       ||     9
       Tailslap          |     7 |     1 ||     8
       Punch             |     1 |       ||     1
 Cast: Beastly Appendage |    24 |     1 ||    25
 Stab: Sleeping          |     1 |       ||     1
Armor: Skin              |    25 |     1 ||    26
Dodge: Dodged            |    58 |     9 ||    67
